TOP OF THE 1ST |
Toledo Mud Hens batting - Pitching for Fresno Grizzlies : RHP Salisbury Swanson
|
Pitching: RHP Salisbury Swanson
|
|
Batting: LHB Frank McConnell
|
0-0: Ball 1-0: Foul Ball, location: 2F 1-1: SINGLE (Line Drive, 6D, EV 94.4 MPH)
|
Batting: RHB Brandon O'Malley
|
0-0: Ball 1-0: Fly out, F9 (Flyball, 89D, EV 98.1 MPH)
|
Batting: SHB Adam Weber
|
0-0: Called Strike 0-1: Called Strike Frank McConnell steals 2nd base 0-2: Strikes out swinging
|
Batting: LHB Jon Frederick
|
0-0: Called Strike 0-1: Swinging Strike 0-2: Ball 1-2: Foul Ball, location: 2F 1-2: Strikes out swinging
|
Top of the 1st over - 0 runs, 1 hit, 0 errors, 1 left on base; Toledo 0 - Fresno 0 |
BOTTOM OF THE 1ST |
Fresno Grizzlies batting - Pitching for Toledo Mud Hens : RHP Martin Murillo
|
Pitching: RHP Martin Murillo
|
|
Batting: RHB Ben Hoffman
|
0-0: Called Strike 0-1: Ball 1-1: Ball 2-1: Fly out, F5 (Popup, 56, EV 55.0 MPH)
|
Batting: LHB Bob Dietz
|
0-0: Ball 1-0: Swinging Strike 1-1: Called Strike 1-2: Strikes out looking
|
Batting: LHB Kelvin Jones
|
0-0: Called Strike 0-1: Ball 1-1: Fly out, F8 (Flyball, 89M, EV 84.4 MPH)
|
Bottom of the 1st over - 0 runs, 0 hits, 0 errors, 0 left on base; Toledo 0 - Fresno 0 |
TOP OF THE 2ND |
Toledo Mud Hens batting - Pitching for Fresno Grizzlies : RHP Salisbury Swanson
|
Batting: RHB Dan Becvar
|
0-0: Ball 1-0: Ball 2-0: Called Strike 2-1: Swinging Strike 2-2: Strikes out looking
|
Batting: RHB Joel Miller
|
0-0: Swinging Strike 0-1: Ball 1-1: Swinging Strike 1-2: Ground out 5-3 (Groundball, 56, EV 91.9 MPH)
|
Batting: RHB Aaron Cusick
|
0-0: Called Strike 0-1: Ball 1-1: Called Strike 1-2: SINGLE (Groundball, 6S, EV 63.1 MPH) (infield hit)
|
Batting: RHB Keith Hoffman
|
0-0: Called Strike 0-1: Swinging Strike 0-2: Ball 1-2: Ball 2-2: Ball 3-2: Strikes out looking
|
Top of the 2nd over - 0 runs, 1 hit, 0 errors, 1 left on base; Toledo 0 - Fresno 0 |
BOTTOM OF THE 2ND |
Fresno Grizzlies batting - Pitching for Toledo Mud Hens : RHP Martin Murillo
|
Batting: RHB Ramon Castellon
|
0-0: Ball 1-0: Called Strike 1-1: Ball 2-1: SOLO HOME RUN (Flyball, 9LD, EV 92.5 MPH), Distance : 359 ft
|
Batting: SHB Paskar Adegoke
|
0-0: Ball 1-0: Foul Ball, location: 2F 1-1: Called Strike 1-2: Foul Ball, location: 2F 1-2: Fly out, F6 (Popup, 6MD, EV 70.6 MPH)
|
Batting: RHB Sam Spohn
|
0-0: Hit by Pitch
|
Batting: RHB Bill Cabrera
|
0-0: Called Strike 0-1: Ball 1-1: Called Strike 1-2: Foul Ball, location: 2F 1-2: Fly out, F4 (Flyball, 4D, EV 91.9 MPH)
|
Batting: LHB Jimmy Edlin
|
0-0: Foul Ball, location: 2F 0-1: Fly out, F5 (Line Drive, 5, EV 66.9 MPH)
|
Bottom of the 2nd over - 1 run, 1 hit, 0 errors, 1 left on base; Toledo 0 - Fresno 1 |
TOP OF THE 3RD |
Toledo Mud Hens batting - Pitching for Fresno Grizzlies : RHP Salisbury Swanson
|
Batting: SHB Scott Bartholomew
|
0-0: Called Strike 0-1: Ball 1-1: Ball 2-1: Foul Ball, location: 2F 2-2: Strikes out swinging
|
Batting: LHB Frank McConnell
|
0-0: Ground out 4-3 (Groundball, 4, EV 90.0 MPH)
|
Batting: RHB Brandon O'Malley
|
0-0: Ball 1-0: Called Strike 1-1: Foul Ball, location: 2F 1-2: Strikes out looking
|
Top of the 3rd over - 0 runs, 0 hits, 0 errors, 0 left on base; Toledo 0 - Fresno 1 |
BOTTOM OF THE 3RD |
Fresno Grizzlies batting - Pitching for Toledo Mud Hens : RHP Martin Murillo
|
Batting: RHB Raul Sanchez
|
0-0: Ball 1-0: Ball 2-0: Fly out, F8 (Flyball, 78D, EV 93.8 MPH)
|
Batting: RHB Ben Hoffman
|
0-0: Ball 1-0: Called Strike 1-1: Called Strike 1-2: Foul Ball, location: 2F 1-2: Ball 2-2: Ball 3-2: Foul Ball, location: 2F 3-2: Base on Balls
|
Batting: LHB Bob Dietz
|
0-0: Ball 1-0: Ball 2-0: Ball Ben Hoffman steals 2nd base (no throw) 3-0: Called Strike 3-1: SINGLE (Groundball, 6MD, EV 107.5 MPH) Ben Hoffman to third
|
Batting: LHB Kelvin Jones
|
0-0: Ball 1-0: Called Strike 1-1: Called Strike 1-2: Fielders Choice at 2nd, 5-4 (Groundball, 5S, EV 79.4 MPH) Ben Hoffman scores
|
Batting: RHB Ramon Castellon
|
0-0: Ball 1-0: Ball Passed Ball! Kelvin Jones to second 2-0: Ball 3-0: Hit by Pitch
|
Batting: SHB Paskar Adegoke
|
0-0: Ball 1-0: Swinging Strike 1-1: Called Strike 1-2: Ball 2-2: Foul Ball, location: 2F 2-2: Ball 3-2: Base on Balls Kelvin Jones to third Ramon Castellon to second
|
Batting: RHB Sam Spohn
|
0-0: Ball 1-0: Fly out, F8 (Flyball, 89M, EV 82.5 MPH)
|
Bottom of the 3rd over - 1 run, 1 hit, 0 errors, 3 left on base; Toledo 0 - Fresno 2 |
TOP OF THE 4TH |
Toledo Mud Hens batting - Pitching for Fresno Grizzlies : RHP Salisbury Swanson
|
Batting: SHB Adam Weber
|
0-0: SOLO HOME RUN (Flyball, 9D, EV 106.9 MPH), Distance : 385 ft
|
Batting: LHB Jon Frederick
|
0-0: Fly out, F7 (Flyball, 7, EV 79.4 MPH)
|
Batting: RHB Dan Becvar
|
0-0: Foul Ball, location: 2F 0-1: Foul Ball, location: 2F 0-2: Ball 1-2: Strikes out swinging
|
Batting: RHB Joel Miller
|
0-0: Ball 1-0: Ball 2-0: Ball 3-0: Base on Balls
|
Batting: RHB Aaron Cusick
|
0-0: Swinging Strike 0-1: Ball 1-1: Foul Ball, location: 2F 1-2: Foul Ball, location: 2F 1-2: Strikes out swinging
|
Top of the 4th over - 1 run, 1 hit, 0 errors, 1 left on base; Toledo 1 - Fresno 2 |
BOTTOM OF THE 4TH |
Fresno Grizzlies batting - Pitching for Toledo Mud Hens : RHP Martin Murillo
|
Batting: RHB Bill Cabrera
|
0-0: Ball 1-0: Ball 2-0: Called Strike 2-1: Ball 3-1: Base on Balls
|
Batting: LHB Jimmy Edlin
|
0-0: Swinging Strike 0-1: Swinging Strike 0-2: Ball 1-2: Ball 2-2: Foul Ball, location: 2F 2-2: Ball 3-2: Foul Ball, location: 2F 3-2: Strikes out swinging
|
Batting: RHB Raul Sanchez
|
0-0: Called Strike 0-1: Ball 1-1: Ball 2-1: Ball 3-1: SINGLE (Line Drive, 3D, EV 99.4 MPH) Bill Cabrera to second
|
Batting: RHB Ben Hoffman
|
0-0: Foul Ball, location: 2F 0-1: Ball 1-1: Called Strike 1-2: Foul Ball, location: 2F 1-2: Foul Ball, location: 2F 1-2: Ball 2-2: Strikes out looking
|
Batting: LHB Bob Dietz
|
0-0: Fly out, F8 (Flyball, 8LXD, EV 101.2 MPH)
|
Bottom of the 4th over - 0 runs, 1 hit, 0 errors, 2 left on base; Toledo 1 - Fresno 2 |
TOP OF THE 5TH |
Toledo Mud Hens batting - Pitching for Fresno Grizzlies : RHP Salisbury Swanson
|
Batting: RHB Keith Hoffman
|
0-0: Ball 1-0: SINGLE (Groundball, 6MD, EV 104.4 MPH)
|
Batting: SHB Scott Bartholomew
|
0-0: Foul Ball, location: 2F 0-1: Foul Ball, location: 2F 0-2: Strikes out swinging
|
Batting: LHB Frank McConnell
|
0-0: Ball 1-0: Fielders Choice at 2nd, 4-6 (Groundball, 4, EV 81.9 MPH)
|
Batting: RHB Brandon O'Malley
|
0-0: Ball 1-0: Ball 2-0: Ball 3-0: Base on Balls Frank McConnell to second
|
Batting: SHB Adam Weber
|
0-0: Ball 1-0: Called Strike 1-1: Ground out U3 (Groundball, 3, EV 85.0 MPH)
|
Top of the 5th over - 0 runs, 1 hit, 0 errors, 2 left on base; Toledo 1 - Fresno 2 |
BOTTOM OF THE 5TH |
Fresno Grizzlies batting - Pitching for Toledo Mud Hens : RHP Martin Murillo
|
Batting: LHB Kelvin Jones
|
0-0: Foul Ball, location: 2F 0-1: Ball 1-1: Ball 2-1: Foul Ball, location: 2F 2-2: Ball 3-2: Foul Ball, location: 2F 3-2: Base on Balls
|
Batting: RHB Ramon Castellon
|
0-0: Called Strike 0-1: Foul Ball, location: 2F 0-2: Foul Ball, location: 2F 0-2: Grounds into double play, 5-4-3 (Groundball, 56, EV 90.0 MPH)
|
Batting: SHB Paskar Adegoke
|
0-0: Ball 1-0: SOLO HOME RUN (Line Drive, 7D, EV 95.6 MPH), Distance : 370 ft
|
Batting: RHB Sam Spohn
|
0-0: Ball 1-0: Ball 2-0: Ground out 4-3 (Groundball, 4, EV 85.6 MPH)
|
Bottom of the 5th over - 1 run, 1 hit, 0 errors, 0 left on base; Toledo 1 - Fresno 3 |
TOP OF THE 6TH |
Toledo Mud Hens batting - Pitching for Fresno Grizzlies : RHP Salisbury Swanson
|
Batting: LHB Jon Frederick
|
0-0: Ball 1-0: Called Strike 1-1: Swinging Strike 1-2: Fly out, F6 (Line Drive, 6, EV 75.0 MPH)
|
Batting: RHB Dan Becvar
|
0-0: Ball 1-0: Called Strike 1-1: Foul Ball, location: 2F 1-2: Ground out 5-3 (Groundball, 56, EV 85.6 MPH)
|
Batting: RHB Joel Miller
|
0-0: Foul Ball, location: 2F 0-1: Ball 1-1: Ball 2-1: Ball 3-1: Foul Ball, location: 2F 3-2: Base on Balls
|
Batting: RHB Aaron Cusick
|
0-0: Called Strike 0-1: Ball 1-1: Foul Ball, location: 2F 1-2: Ball 2-2: Fly out, F8 (Flyball, 8RD, EV 102.5 MPH)
|
Top of the 6th over - 0 runs, 0 hits, 0 errors, 1 left on base; Toledo 1 - Fresno 3 |
BOTTOM OF THE 6TH |
Fresno Grizzlies batting - Pitching for Toledo Mud Hens : RHP Martin Murillo
|
Pitching: RHP Nate Mull
|
|
Batting: RHB Bill Cabrera
|
0-0: Swinging Strike 0-1: Ball 1-1: Ball 2-1: Ground out 1-3 (Groundball, P, EV 68.1 MPH)
|
Batting: LHB Jimmy Edlin
|
0-0: Ball 1-0: Swinging Strike 1-1: SINGLE (Flyball, 3D, EV 81.9 MPH) - OUT at second base trying to stretch hit.
|
Batting: RHB Raul Sanchez
|
0-0: Ball 1-0: Fly out, F6 (Line Drive, 6, EV 64.4 MPH)
|
Bottom of the 6th over - 0 runs, 1 hit, 0 errors, 0 left on base; Toledo 1 - Fresno 3 |
TOP OF THE 7TH |
Toledo Mud Hens batting - Pitching for Fresno Grizzlies : RHP Salisbury Swanson
|
Batting: RHB Keith Hoffman
|
0-0: Called Strike 0-1: Ball 1-1: Ball 2-1: Fly out, F9 (Flyball, 89S, EV 88.1 MPH)
|
Batting: SHB Scott Bartholomew
|
0-0: SINGLE (Groundball, 3D, EV 111.2 MPH)
|
Pitching: RHP Jorge Aguilar
|
|
Batting: LHB Frank McConnell
|
0-0: Called Strike 0-1: Ball 1-1: Fly out, F8 (Line Drive, 8RM, EV 88.8 MPH)
|
Batting: RHB Brandon O'Malley
|
0-0: Fielders Choice at 2nd, 6-4 (Groundball, 6, EV 86.2 MPH)
|
Top of the 7th over - 0 runs, 1 hit, 0 errors, 1 left on base; Toledo 1 - Fresno 3 |
BOTTOM OF THE 7TH |
Fresno Grizzlies batting - Pitching for Toledo Mud Hens : RHP Nate Mull
|
Batting: RHB Ben Hoffman
|
0-0: Ball 1-0: Ground out 6-3 (Groundball, 6, EV 102.5 MPH)
|
Batting: LHB Bob Dietz
|
0-0: Called Strike 0-1: Ball 1-1: Called Strike 1-2: Ball 2-2: Ball 3-2: Strikes out looking
|
Batting: LHB Kelvin Jones
|
0-0: Ball 1-0: Swinging Strike 1-1: Ball 2-1: Ball 3-1: Foul Ball, location: 2F 3-2: Base on Balls
|
Batting: RHB Ramon Castellon
|
0-0: Called Strike 0-1: Foul Ball, location: 2F 0-2: Ball Kelvin Jones steals 2nd base 1-2: Foul Ball, location: 2F 1-2: Foul Ball, location: 2F 1-2: Foul Ball, location: 2F 1-2: SINGLE (Groundball, 4M, EV 106.2 MPH) (infield hit) Kelvin Jones to third
|
Pitching: RHP Jason Williams
|
|
Batting: SHB Paskar Adegoke
|
0-0: Ball 1-0: Foul Ball, location: 2F 1-1: Foul Ball, location: 2F 1-2: Foul Ball, location: 2F 1-2: Ball 2-2: SINGLE (Groundball, 4MD, EV 101.2 MPH) Kelvin Jones scores Ramon Castellon to second
|
Batting: RHB Sam Spohn
|
0-0: Called Strike 0-1: Foul Ball, location: 2F 0-2: Foul Ball, location: 2F 0-2: Strikes out looking
|
Bottom of the 7th over - 1 run, 2 hits, 0 errors, 2 left on base; Toledo 1 - Fresno 4 |
TOP OF THE 8TH |
Toledo Mud Hens batting - Pitching for Fresno Grizzlies : RHP Jorge Aguilar
|
Batting: SHB Adam Weber
|
0-0: Ball 1-0: DOUBLE (Line Drive, 7LM, EV 111.2 MPH)
|
Batting: LHB Jon Frederick
|
0-0: Called Strike 0-1: SINGLE (Groundball, 4D, EV 101.2 MPH) Adam Weber to third
|
Pinch Hitting: LHB Conrad Taylor
|
0-0: Foul Ball, location: 2F 0-1: Ball 1-1: Ball 2-1: Ball 3-1: Base on Balls Jon Frederick to second
|
Batting: RHB Joel Miller
|
0-0: SINGLE (Flyball, 8RS, EV 92.5 MPH) Adam Weber scores Jon Frederick to third Conrad Taylor to second
|
Batting: RHB Aaron Cusick
|
0-0: Swinging Strike 0-1: Ball 1-1: Called Strike 1-2: Ball 2-2: Grounds into double play, 5-2-3 (Groundball, 56, EV 100.6 MPH) Conrad Taylor to third Joel Miller to second
|
Batting: RHB Keith Hoffman
|
0-0: Called Strike 0-1: Ball 1-1: Swinging Strike 1-2: Strikes out swinging
|
Top of the 8th over - 1 run, 3 hits, 0 errors, 2 left on base; Toledo 2 - Fresno 4 |
BOTTOM OF THE 8TH |
Fresno Grizzlies batting - Pitching for Toledo Mud Hens : RHP Jason Williams
|
Now at 3B: Willis Morales
|
|
Batting: RHB Bill Cabrera
|
0-0: Called Strike 0-1: Foul Ball, location: 2F 0-2: Ball 1-2: Fly out, F8 (Flyball, 8LM, EV 96.9 MPH)
|
Batting: LHB Jimmy Edlin
|
0-0: Ball 1-0: Swinging Strike 1-1: Fly out, F8 (Flyball, 8LS, EV 92.5 MPH)
|
Batting: RHB Raul Sanchez
|
0-0: Called Strike 0-1: Ball 1-1: Ball 2-1: Swinging Strike 2-2: Ball 3-2: Strikes out swinging
|
Bottom of the 8th over - 0 runs, 0 hits, 0 errors, 0 left on base; Toledo 2 - Fresno 4 |
TOP OF THE 9TH |
Toledo Mud Hens batting - Pitching for Fresno Grizzlies : RHP Jorge Aguilar
|
Pitching: RHP John Mathis
|
|
Batting: SHB Scott Bartholomew
|
0-0: Ball 1-0: Called Strike 1-1: Ball 2-1: Ball 3-1: Foul Ball, location: 2F 3-2: Fly out, F6 (Line Drive, 4M, EV 77.5 MPH)
|
Batting: LHB Frank McConnell
|
0-0: Ball 1-0: Foul Ball, location: 2F 1-1: Swinging Strike 1-2: Hit by Pitch
|
Batting: RHB Brandon O'Malley
|
0-0: Ball 1-0: Foul Ball, location: 2F 1-1: Foul Ball, location: 2F 1-2: Ball 2-2: Ball 3-2: Strikes out swinging
|
Batting: SHB Adam Weber
|
0-0: Foul Ball, location: 2F 0-1: Ball 1-1: Foul Ball, location: 2F 1-2: Ball 2-2: Foul Ball, location: 2F 2-2: Reached on error, E6 (Groundball, 4M, EV 108.8 MPH) Frank McConnell to second
|
Batting: LHB Jon Frederick
|
0-0: Ground out U3 (Groundball, 34, EV 100.6 MPH)
|
Top of the 9th over - 0 runs, 0 hits, 1 error, 2 left on base; Toledo 2 - Fresno 4 |
|